 Dungeon Crawl Stone Soup version 0.23.2-33-g5129a83184 (webtiles) character file.

Game seed: 1590781950932154721

45 lepoulpe303 the Chopper (level 3, -2/34 HPs)
             Began as a Hill Orc Monk on June 26, 2019.
             Slain by a gnoll
             ... wielding a +0 halberd
              (12 damage)
             ... on level 2 of the Dungeon.
             The game lasted 00:02:27 (1170 turns).

lepoulpe303 the Chopper (Hill Orc Monk)             Turns: 1170, Time: 00:02:28

Health: -2/34      AC:  2    Str: 14    XL:     3   Next: 64%
Magic:  3/3        EV: 13    Int: 10    God:
Gold:   53         SH:  0    Dex: 13    Spells: 2/2 levels left

rFire    . . .     SeeInvis .   a - +0 hand axe
rCold    . . .     Gourm    .   (no shield)
rNeg     . . .     Faith    .   b - +0 robe
rPois    .         Spirit   .   (no helmet)
rElec    .         Reflect  .   (no cloak)
rCorr    .         Harm     .   (no gloves)
MR       .....                  (no boots)
Stlth    ++........             (no amulet)
HPRegen  0.11/turn              (no ring)
MPRegen  0.08/turn              (no ring)

@: no status effects
A: no striking features
a: no special abilities


You were on level 2 of the Dungeon.
You were not hungry.

You visited 1 branch of the dungeon, and saw 2 of its levels.

You collected 53 gold pieces.

Inventory:

Hand Weapons
 a - a +0 hand axe (weapon)
Missiles
 Q - 39 stones (quivered)
Armour
 b - a +0 robe (worn)
Jewellery
 m - an uncursed ring of positive energy {unknown}
Scrolls
 c - a scroll of blinking {unknown}
 i - a scroll of magic mapping {unknown}
 j - a scroll of fog {unknown}
 k - a scroll of teleportation {unknown}
 l - a scroll of fear {unknown}
Potions
 d - a potion of curing {unknown}
 f - 2 potions of cancellation {unknown}
 g - a potion of heal wounds {unknown}
Comestibles
 e - 3 rations
 h - 9 chunks of flesh


   Skills:
 * Level 4.4 Fighting
 * Level 4.6 Axes
 + Level 1.2 Armour
 + Level 2.6 Dodging
 - Level 1.5 Stealth


You had 2 spell levels left.
You didn't know any spells.
Your spell library was empty.

Dungeon Overview and Level Annotations

Branches:
Dungeon (2/15)

Altars:
Wu Jian


Message History

A rat and 2 gnolls come into view.
The gnoll shouts!
You hear a shout!
The rat moves out of view.
You see here a stone.
Things that are here:
a +0 club; a hobgoblin skeleton The gnoll hits you from afar with a +0 halberd!
* * * LOW HITPOINT WARNING * * *
You take 13 damage, and have 18/34 hp.
MASSIVE DAMAGE!!
The gnoll hits you with a +0 halberd!
* * * LOW HITPOINT WARNING * * *
You take 9 damage, and have 9/34 hp.
MASSIVE DAMAGE!!
You hit the gnoll. You hit the gnoll but do no damage.
The gnoll hits you but does no damage.
Some of the chunks of flesh in your inventory have rotted away.
You closely miss the gnoll. The gnoll misses you.
You hit the gnoll. The gnoll hits you with a +0 halberd!
You die...

(.#........ #...
.#...... ...
..... .. #..#
###.### #(.#
.....# #g.# #...#
#..# #...###..###
#...@gg....#
#...##.#......#
#...##...#.##..
##...###.....#..#
#.......#........
#..#.###.....#..
#..#......#.....
#..#####..#..#.#
#..# #..#..#.#


You could see 2 gnolls.

Levels and vault maps discovered:
D:1:      dpeg_arrival_ratfight, layout_loops_ring, minmay_misc_feat_cross,
          palyth_stone_intersect, minmay_pentomino_z2
D:2:      layout_loops_ring, marbit_many_paths, okawaru_ov_weapons_minmay,
          lemuel_doored_altar, cheibrodos_gnoll_hut

Notes
Turn   | Place    | Note
-------+----------+-------------------------------------------
     0 | D:1      | lepoulpe303 the Hill Orc Monk began the quest for the Orb.
     0 | D:1      | Reached XP level 1. HP: 19/19 MP: 1/1
     5 | D:1      | Identified a +0 dagger
   104 | D:1      | Identified a +0 club
   107 | D:1      | Identified a +0 club
   122 | D:1      | Reached XP level 2. HP: 18/27 MP: 2/2
   174 | D:1      | Identified a +0 club
   191 | D:1      | Reached skill level 4 in Fighting
   513 | D:1      | Identified a +0 short sword
   557 | D:1      | Identified a +0 club
   639 | D:1      | Reached skill level 1 in Armour
   655 | D:1      | Reached XP level 3. HP: 30/33 MP: 3/3
   935 | D:1      | Identified a +0 club
  1090 | D:2      | Found an ornate altar of the Wu Jian Council.
  1133 | D:2      | Identified a +0 club
  1156 | D:2      | Identified a +0 hand axe
  1156 | D:2      | Identified a +0 halberd
  1170 | D:2      | Slain by a gnoll

Table legend:
 A = Turns spent in this place as a percentage of turns spent in the entire game.
 B = Non-inter-level travel turns spent in this place as a percentage of non-inter-level travel turns spent in the entire game.
 C = Inter-level travel turns spent in this place as a percentage of turns spent in this place.
 D = Turns resting spent in this place as a percentage of non-inter-level travel turns spent in this place.
 E = Turns spent auto-exploring this place as a percentage of non-inter-level travel turns spent in this place.
 F = Non-inter-level travel turns spent in this place divided by the number of levels of this place that you've seen.
                   A       B       C       D       E      F
               +-------+-------+-------+-------+-------+----------------------
         Total | 100.0 | 100.0 |   3.5 |  14.2 |  64.8 | 564.5
       Dungeon | 100.0 | 100.0 |   3.5 |  14.2 |  64.8 | 564.5
               +-------+-------+-------+-------+-------+----------------------

Table legend:
 A = Kills in this place as a percentage of kills in entire the game.
 B = Kills by you in this place as a percentage of kills by you in the entire game.
 C = Kills by friends in this place as a percentage of kills by friends in the entire game.
 D = Other kills in this place as a percentage of other kills in the entire game.
 E = Experience gained in this place as a percentage of experience gained in the entire game.
 F = Experience gained in this place divided by the number of levels of this place that you have seen.
                   A       B       C       D       E      F
               +-------+-------+-------+-------+-------+----------------------
         Total | 100.0 | 100.0 |   N/A |   N/A | 100.0 |  32.5
       Dungeon | 100.0 | 100.0 |   N/A |   N/A | 100.0 |  32.5
               +-------+-------+-------+-------+-------+----------------------

Skill      XL: |  1  2 |
---------------+-------+-----
Fighting       | 4 |  4.4
Armour         | 1 |  1.2
Axes           | |  4.6
Dodging        | |  2.6
Stealth        | |  1.5

Action                   || total
-------------------------++-------
Melee: Hand axe          ||    92
Throw: Stone             ||    57
 Stab: Sleeping          ||     3
  Eat: Chunk             ||     1
Armor: Robe              ||    18
Dodge: Dodged            ||    53

Vanquished Creatures
  An adder (D:2)
  A dart slug (D:1)
  4 bats (D:1)
  3 goblins
  7 hobgoblins
  5 jackals (D:1)
  2 frilled lizards (D:1)
  3 kobolds (D:1)
  6 rats (D:1)
32 creatures vanquished.
